 Dungeon Crawl Stone Soup version 0.30-a0-691-g754fce4c43 (webtiles) character file.

Game seed: 7112538628262864922

273 Dirtsage the Changer (level 6, -1/45 HPs)
             Began as an Octopode Transmuter on Jan 19, 2023.
             Killed by nerve-wracking pain
             ... invoked by Grinder
              (13 damage)
             ... on level 3 of the Dungeon.
             The game lasted 00:05:24 (3226 turns).

Dirtsage the Changer (Octopode Transmuter)          Turns: 3226, Time: 00:05:25

Health: -1/45      AC:  6    Str: 10    XL:     6   Next: 23%
Magic:  6/9        EV: 10    Int: 17    God:
Gold:   216        SH:  0    Dex: 12    Spells: 2/9 levels left

rFire   x . .      SeeInvis .      - Unarmed
rCold   + + +      Faith    .    (shield currently unavailable)
rNeg    . . .      Spirit   .    (helmet currently unavailable)
rPois   +          Reflect  .    (no amulet)
rElec   .          Harm     .    (no ring)
rCorr   .          Rampage  .    (no ring)
Will    .....                    (no ring)
Stlth   +                        (no ring)
HPRegen 0.27/turn                (no ring)
MPRegen 0.11/turn                (no ring)
                                 (no ring)
                                 (no ring)

@: ice-form, wereblooded
A: freezing attack, boosted hp, almost no armour, amphibious, 8 rings, large,
(camouflage 1), (gelatinous body 1), (nimble swimmer 1), (tentacles)
a: End Transformation


You were on level 3 of the Dungeon.
You were a creature of crystalline ice.
You visited 1 branch of the dungeon, and saw 4 of its levels.

You collected 216 gold pieces.

Inventory:

Missiles
 n - 2 throwing nets
Magical Staves
 f - a staff of cold
Wands
 q - a wand of mindburst (14)
Scrolls
 b - a scroll of silence {unknown}
 d - a scroll of fog {unknown}
 e - a scroll of enchant weapon {unknown}
 g - a scroll of amnesia {unknown}
 h - 3 scrolls of identify {unknown}
 i - a scroll of blinking {unknown}
 l - 2 scrolls of brand weapon {unknown}
 m - a scroll of fear {unknown}
Potions
 a - a potion of lignification
 c - 2 potions of heal wounds {unknown}
 j - a potion of attraction {unknown}
 k - a potion of brilliance {unknown}
 o - 3 potions of curing {unknown}
 p - a potion of haste {unknown}


   Skills:
 - Level 1.0 Fighting
 - Level 2.0 Dodging
 - Level 3.0 Unarmed Combat
 - Level 2.0 Spellcasting
 * Level 4.7 Transmutations
 * Level 4.0 Ice Magic


You had 2 spell levels left.
You knew the following spells:

 Your Spells              Type           Power      Damage    Failure   Level
a - Beastly Appendage     Tmut           34%        N/A       2%          1
b - Wereblood             Tmut           17%        N/A       4%          2
c - Ice Form              Ice/Tmut       16%        N/A       32%         4

Your spell library contained the following spells:

 Spells                   Type           Power      Damage    Failure   Level
 Sublimation of Blood     Necr           1%         N/A       28%         2
 Ozocubu's Armour         Ice            15%        N/A       11%         3
 Spider Form              Tmut/Pois      9%         N/A       22%         3
 Ozocubu's Refrigeration  Ice            7%         4d9       100%        7
 Summon Hydra             Summ           0%         N/A       100%        7


Dungeon Overview and Level Annotations

Branches:
Dungeon (4/15)
 Temple: D:4-7

Altars:
Fedhas

Shops:
D:1 (

Annotations:
D:3 Grinder


Innate Abilities, Weirdness & Mutations

You are a creature of crystalline ice.
You have a powerful freezing melee attack.
Your maximum health is increased.
Your armour is entirely melded.
You are incapable of wielding weapons or throwing items.
You cannot wear most types of armour.
You are amphibious.
You can wear up to eight rings at the same time.
((Your skin changes colour to match your surroundings (Stealth+).))
((Your rubbery body absorbs attacks. (AC +1, EV +1)))
((You are camouflaged when in or above water. (Stealth+)))
((You have tentacles for arms and can constrict up to eight enemies at once.))


Message History

Casting: Ice Form (quite dangerous; 32% risk of failure)
Confirm with . or Enter, or press ? or * to list all spells.
Your blood is infused with primal strength.
You now have 5/9 mp.
You climb downwards.
Level annotation: Grinder The iguana bites you but does no damage.
Grinder misses you. The iguana barely misses you. Grinder hits you!
You writhe in agony.
There is a stone staircase leading up here.
You take 12 damage, and have 28/45 hp.
MASSIVE DAMAGE!!
The iguana bites you but does no damage.
Grinder barely misses you.
You climb upwards.
There is a stone staircase leading down here.
You barely miss Grinder. Grinder closely misses you.
The iguana closely misses you.
You hit the iguana.
The iguana seems to slow down.
You freeze the iguana.
The iguana is heavily wounded.
Grinder gestures at you.
You suddenly lose the ability to move!
The iguana bites you but does no damage.
Grinder hits you but does no damage. The iguana bites you!
Grinder hits you but does no damage.
The iguana is no longer moving slowly.
Grinder barely misses you.
You can move again.
You take 7 damage, and have 22/45 hp.
Unknown command.
Unknown command.
Unknown command.
You barely miss the iguana.
The iguana is heavily wounded.
The iguana bites you. Grinder hits you.
You writhe in agony.
* * * LOW HITPOINT WARNING * * *
You take 12 damage, and have 10/45 hp.
MASSIVE DAMAGE!!
You punch the iguana! You freeze the iguana.
You feel a bit better.
You kill the iguana!
Grinder gestures at you. Pain shoots through your body!
You die...

...........# #..........#.#....
......#..#.##########.........#.#
..#.#.#.....................#...#
......#.##.##############.#)..###
..#.#.#.##......# #.#..##.#
........##......# ####.#..#..'
..#.#.#.##......# #.......##.#
###.#.#.##......#########.#...###
....#.#.##......Y5....# #.#.#...#
#####.#.###....†#####.#####.###.#
......#.# #.)...# #.....#.# #..
#######.###.....# #.....#.# ##.
#..........###### #.....#.# #..
#..........# ######.....#.# #.#
#..........# ###....#.....#.###.#
#..........# #...................
#..........# #.#....#.....#.###.#


You could see Grinder.

Vanquished Creatures
  A scorpion (D:3)
  A howler monkey (D:3)
  Crazy Yiuf (D:3)
  An iguana (D:3)
  5 adders
  A dart slug (D:2)
  An orc (D:3)
  9 ball pythons
  6 endoplasms
  2 giant cockroaches
  15 goblins
  13 hobgoblins
  12 jackals
  7 kobolds
  2 quokkas (D:2)
  5 bats
  4 frilled lizards
  8 rats
94 creatures vanquished.

Notes
Turn   | Place    | Note
-------+----------+-------------------------------------------
     0 | D:1      | Dirtsage the Octopode Transmuter began the quest for the
                  | Orb.
     0 | D:1      | Reached XP level 1. HP: 13/13 MP: 3/3
   150 | D:1      | Reached skill level 1 in Ice Magic
   150 | D:1      | Reached XP level 2. HP: 18/18 MP: 3/5
   171 | D:1      | Learned a level 2 spell: Wereblood
   371 | D:1      | Found Uphou's Antique Weapon Emporium.
   602 | D:1      | Reached XP level 3. HP: 23/23 MP: 4/6
   822 | D:2      | Reached XP level 4. HP: 16/28 MP: 5/7
   977 | D:2      | Learned a level 4 spell: Ice Form
  1765 | D:2      | Found a faded altar of an unknown god.
  2206 | D:3      | Found a runed translucent door.
  2207 | D:3      | Noticed Crazy Yiuf
  2233 | D:3      | Found a blossoming altar of Fedhas.
  2570 | D:3      | Reached XP level 5. HP: 33/33 MP: 4/8
  2915 | D:3      | Killed Crazy Yiuf
  3022 | D:3      | Reached XP level 6. HP: 37/38 MP: 4/9
  3197 | D:4      | Noticed Grinder
  3221 | D:3      | Paralysed by Grinder for 4 turns
  3226 | D:3      | Killed from afar by Grinder

Illustrated notes

Levels and vault maps discovered:
D:1:      psy_arrival_terrarium, layout_basic, serial_shops, shop,
          minmay_hexomino_c4
D:2:      layout_basic, basic_ecumenical_altar
D:3:      cheibrodos_greedy_goblins, layout_basic, fedhas_altar_3,
          uniq_crazy_yiuf_cottage
D:4:      layout_basic, uniq_grinder

Skill      XL: |  1  2  3  4  5  6 |
---------------+-------------------+-----
Ice Magic      | 1 2 3 4 |  4.0
Transmutations | 3 4 |  4.7
Fighting       | |  1.0
Dodging        | |  2.0
Unarmed Combat | |  3.0
Spellcasting   | |  2.0

Action                   |  1- 3 |  4- 6 || total
-------------------------+-------+-------++-------
Melee: Unarmed           |    74 |   114 ||   188
       Constrict         |    23 |    27 ||    50
       Tentacles         |    11 |    12 ||    23
       Kick              |    15 |    23 ||    38
       Punch             |     3 |     2 ||     5
 Cast: Beastly Appendage |    12 |    17 ||    29
       Wereblood         |     3 |     4 ||     7
       Ice Form          |       |     3 ||     3
 Stab: Sleeping          |     4 |     4 ||     8
Armor: Skin              |     7 |    36 ||    43
Dodge: Dodged            |    36 |    83 ||   119

Table legend: (Time is in decaauts)
 A = Elapsed time spent in this place.
 B = Non-inter-level travel time spent in this place.
 C = Inter-level travel time spent in this place.
 D = Time resting spent in this place.
 E = Time spent auto-exploring this place.
 F = Levels seen in this place.
 G = Mean time per level.
                   A        B        C        D        E       F      G
               +--------+--------+--------+--------+--------+-----+--------+
         Total |   3215 |   3014 |    201 |      0 |   2495 |   4 |  803.8 |
       Dungeon |   3215 |   3014 |    201 |      0 |   2495 |   4 |  803.8 |
               +--------+--------+--------+--------+--------+-----+--------+

Top non-repeatable levels by time:
     D:3: 1356 daAuts
     D:2: 1136 daAuts
     D:1: 715 daAuts
     D:4: 6 daAuts
